 Dungeon Crawl Stone Soup version 0.30-a0-913-g9934a0ce24 (webtiles) character file.

Game seed: 18393654391954356982

8183 cforsyth the Protected (level 11, -1/85 (90) HPs)
             Began as a Human Fighter on Mar 20, 2023.
             Slain by Snorg (22 damage)
             ... on level 10 of the Dungeon.
             The game lasted 00:14:04 (10950 turns).

cforsyth the Protected (Human Fighter)             Turns: 10950, Time: 00:14:04

HP:   -1/85 (90)    AC: 14    Str: 21    XL:     11   Next: 51%
MP:   11/11         EV:  8    Int:  8    God:
Gold: 368           SH: 11    Dex: 13    Spells: 10/10 levels left

rFire   . . .      SeeInvis .    a - +1 flail (freeze)
rCold   . . .      Faith    .    c - +0 buckler
rNeg    . . .      Spirit   .    q - +0 chain mail
rPois   .          Reflect  +    (no helmet)
rElec   .          Rampage  .    r - +0 cloak
rCorr   .                        (no gloves)
Will    .....                    y - +0 pair of boots Stlth
                                 m - amulet of reflection
HPRegen 0.34/turn                (no ring)
MPRegen 0.12/turn                (no ring)

@: drained
A: no striking features
a: no special abilities


You were on level 10 of the Dungeon.
You visited 2 branches of the dungeon, and saw 11 of its levels.

You collected 368 gold pieces.

Inventory:

Hand Weapons
 a - a +1 flail of freezing (weapon)
Armour
 b - a +0 scale mail
 c - a +0 buckler (worn)
 q - a +0 chain mail (worn)
 r - a +0 cloak (worn)
 y - a +0 pair of boots (worn)
Jewellery
 l - a ring of see invisible
 m - an amulet of reflection (around neck)
 o - a ring of poison resistance
 v - a ring of protection from cold
Wands
 g - a wand of polymorph (9)
 t - a wand of digging (5)
Scrolls
 e - a scroll of immolation {unknown}
 f - a scroll of blinking
 p - a scroll of identify
 u - 4 scrolls of teleportation
 w - 2 scrolls of brand weapon
 x - a scroll of vulnerability
Potions
 d - a potion of might
 h - 3 potions of attraction
 i - a potion of invisibility {unknown}
 j - 6 potions of curing
 k - 3 potions of flight
 n - a potion of brilliance
 s - a potion of cancellation {unknown}
 z - 2 potions of haste {unknown}


   Skills:
 + Level 9.8 Fighting
 + Level 9.5 Maces & Flails
 + Level 9.8 Armour
 + Level 9.8 Shields


You had 10 spell levels left.
You didn't know any spells.
Your spell library contained the following spells:

 Spells                   Type           Power      Damage    Failure   Level
 Slow                     Hex            0%         N/A       98%         1
 Confusing Touch          Hex            0%         N/A       100%        3
 Ozocubu's Armour         Ice            0%         N/A       100%        3
 Portal Projectile        Hex/Tloc       0%         N/A       100%        3
 Tukima's Dance           Hex            0%         N/A       100%        3
 Vampiric Draining        Necr           0%         2d6       100%        3
 Animate Armour           Summ/Erth      0%         N/A       100%        4
 Blade Hands              Tmut           0%         N/A       100%        5
 Summon Forest            Summ/Tloc      0%         N/A       100%        5
 Eringya's Noxious Bog    Tmut/Pois      0%         N/A       100%        6
 Iron Shot                Conj/Erth      0%         9d1       100%        6
 Ozocubu's Refrigeration  Ice            0%         4d7       100%        7
 Summon Hydra             Summ           0%         N/A       100%        7


Dungeon Overview and Level Annotations

Branches:
Dungeon (10/15)            Temple (1/1) D:7            Lair (0/5) D:8
    Orc: D:9-12

Altars:
Ashenzari
Cheibriados
Dithmenos
Elyvilon
Gozag
Hepliaklqana
Kikubaaqudgha
Makhleb
Nemelex Xobeh
Okawaru
Qazlal
Ru
Sif Muna
Trog
Uskayaw
Vehumet
Wu Jian
Xom
Yredelemnul
Zin
The Shining One

Annotations:
D:6 3 runed translucent doors, MudFish's ghost, amateur MfBr
D:10 Snorg


Message History

Snorg the Insatiable comes into view.
Found a leather armour.
Snorg shouts!
Snorg is nearby!
Found a tapered ivory wand.
Snorg bites you. You block Snorg's attack. Snorg claws you but does no damage.
You closely miss Snorg. You block Snorg's attack. Snorg claws you.
You block Snorg's attack.
You closely miss Snorg. You closely miss Snorg. You block Snorg's attack. x2
Snorg claws you but does no damage.
You barely miss Snorg.
You block Snorg's attack. x2; Snorg claws you.
You hit Snorg. You freeze Snorg.
Snorg is lightly wounded.
Snorg goes berserk!
You hit Snorg. You freeze Snorg.
Snorg is lightly wounded.
You block Snorg's attack. Snorg claws you. Snorg claws you but does no damage.
Snorg bites you. Snorg claws you. Snorg claws you but does no damage.
You sock Snorg! You freeze Snorg.
Snorg is moderately wounded.
You block Snorg's attack. Snorg claws you! x2
You barely miss Snorg.
Snorg is moderately wounded.
Snorg bites you but does no damage. Snorg claws you but does no damage. x2
Snorg bites you!! You block Snorg's attack. Snorg claws you.
* * * LOW HITPOINT WARNING * * *
You are too injured to fight recklessly!
You are too injured to fight recklessly!
You are too injured to fight recklessly!
You are too injured to fight recklessly!
You are too injured to fight recklessly!
You are too injured to fight recklessly!
You are too injured to fight recklessly!
You are too injured to fight recklessly!
You are too injured to fight recklessly!
You barely miss Snorg.
Snorg is lightly wounded.
Snorg bites you!!
You die...

#....#..............
#....#.............. .
#....#.............. ..
#....#.............. ...
#....#..............
##..#....#.....#########
................... #..
................... #..
.......@............ #..
......T............. #).
.###....#######..... #..
....... .... #..
......[.. .. ###
../......# .........#
.........#


You could see Snorg (berserk).

Vanquished Creatures
  Erica (D:8)
  3 two-headed ogres
  Grinder (D:6)
  6 yaks (D:8)
  2 steam dragons (D:7)
  A water moccasin (D:5)
  An acid dragon (D:6)
  2 black bears
  3 ice beasts
  2 ogres
  A centaur (D:9)
  7 bullfrogs
  4 scorpions
  17 wights
  11 killer bees
  3 howler monkeys (D:8)
  3 jellies
  A hound (D:5)
  2 orc priests
  3 iguanas
  A sleepcap (D:5)
  3 orc wizards
  Ijyb (D:5)
  3 gnolls (D:6)
  4 adders
  2 white imps
  2 dart slugs
  24 orcs
  4 ball pythons
  3 bats
  5 endoplasms
  A giant cockroach (D:4)
  4 hobgoblins
  2 jackals (D:1)
  3 quokkas
  7 frilled lizards
  5 goblins
  5 kobolds
  4 rats
157 creatures vanquished.

Vanquished Creatures (others)
  A wight (D:7)
  3 orcs (D:8)
4 creatures vanquished.

Grand Total: 161 creatures vanquished

Notes
Turn   | Place    | Note
-------+----------+-------------------------------------------
     0 | D:1      | cforsyth the Human Fighter began the quest for the Orb.
     0 | D:1      | Reached XP level 1. HP: 18/18 MP: 1/1
   303 | D:1      | Reached XP level 2. HP: 24/24 MP: 2/2
   684 | D:2      | Reached XP level 3. HP: 29/29 MP: 3/3
  1387 | D:3      | Found a white marble altar of Elyvilon.
  1679 | D:2      | Reached XP level 4. HP: 26/35 MP: 4/4
  1850 | D:3      | Reached XP level 5. HP: 19/42 MP: 5/5
  2794 | D:4      | Reached XP level 6. HP: 23/48 MP: 6/6
  2906 | D:4      | Noticed an ogre
  2917 | D:4      | Killed an ogre
  3385 | D:5      | Entered Level 5 of the Dungeon
  3583 | D:5      | Reached XP level 7. HP: 29/55 MP: 7/7
  3833 | D:5      | Noticed a water moccasin
  3856 | D:5      | Killed a water moccasin
  3997 | D:5      | Found a bloodstained altar of Trog.
  4220 | D:5      | Reached skill level 5 in Fighting
  4220 | D:5      | Reached skill level 5 in Armour
  4220 | D:5      | Reached skill level 5 in Shields
  4315 | D:5      | Noticed Ijyb
  4325 | D:5      | Killed Ijyb
  4326 | D:5      | Reached XP level 8. HP: 60/62 MP: 8/8
  4793 | D:6      | Reached XP level 9. HP: 74/74 MP: 9/9
  5117 | D:6      | Found a runed translucent gate.
  5119 | D:6      | Found a runed translucent gate.
  5120 | D:6      | Found a runed translucent gate.
  5120 | D:6      | Noticed MudFish's ghost (amateur MfBr)
  5125 | D:6      | Noticed a troll
  5155 | D:6      | Noticed Grinder
  5170 | D:6      | Paralysed by Grinder for 4 turns
  5181 | D:6      | Killed Grinder
  5539 | D:6      | Found a sacrificial altar of Ru.
  5570 | D:6      | Found a broken altar of Ashenzari.
  6329 | D:7      | Found a staircase to the Ecumenical Temple.
  6335 | Temple   | Entered the Ecumenical Temple
  6362 | D:7      | Reached XP level 10. HP: 80/82 MP: 10/10
  8307 | D:8      | Noticed a two-headed ogre
  8470 | D:8      | Noticed Erica
  8481 | D:8      | Killed Erica
  8651 | D:8      | Killed a two-headed ogre
  8652 | D:8      | Reached XP level 11. HP: 33/89 MP: 11/11
  9124 | D:8      | Noticed a two-headed ogre
  9137 | D:8      | Killed a two-headed ogre
  9443 | D:8      | Found a staircase to the Lair.
  9520 | D:8      | Found an iron altar of Okawaru.
  9808 | D:9      | HP: 4/88 [poisoned by a killer bee]
  9948 | D:9      | Noticed a two-headed ogre
 10038 | D:9      | Killed a two-headed ogre
 10391 | D:9      | Found an ornate altar of the Wu Jian Council.
 10793 | D:9      | Identified the +0 robe of Light {Will- Int+5}
 10903 | D:10     | Entered Level 10 of the Dungeon
 10910 | D:10     | Identified the +3 rapier "Tosem" {antimagic, Contam rPois
                  | Str+3}
 10938 | D:10     | Noticed Snorg
 10950 | D:10     | Slain by Snorg

Illustrated notes

Levels and vault maps discovered:
D:1:      heliophobic_arrival_ceremonial_halls, layout_rooms,
          reono_crystal_passage
D:2:      layout_loops_corners
D:3:      layout_basic, mainiacjoe_overflow_small_starburst, minmay_checkerbox
D:4:      layout_rooms, hex_medium
D:5:      layout_gridville, mainiacjoe_overflow_catwalk, uniq_ijyb
D:6:      layout_basic, mainiacjoe_overflow_large_starburst,
          gammafunk_ghost_split, uniq_grinder
D:7:      layout_cave_pods, minmay_temple_entry_tees
D:8:      layout_loops_ring, general_overflow_altar, lair_entry_dummy,
          uniq_erica
D:9:      layout_loops_cross, mainiacjoe_overflow_brackets
D:10:     layout_grid_maze, mainiacjoe_overflow_concentric_impassable,
          minmay_orc_entry_temple_small, st_stairs_1, uniq_snorg
Temple:   minmay_freezing_vapour_temple

Skill      XL: |  1  2  3  4  5  6  7  8  9 10 |
---------------+-------------------------------+-----
Maces & Flails | 3 4 7 8 9 |  9.5
Fighting       | 4 5 8 9 |  9.8
Armour         | 4 5 8 9 |  9.8
Shields        | 4 5 8 9 |  9.8

Action                     |  1- 3 |  4- 6 |  7- 9 | 10-12 || total
---------------------------+-------+-------+-------+-------++-------
  Melee: Flail             |    83 |   126 |   198 |   371 ||   778
         Unarmed           |       |       |     6 |       ||     6
  Evoke: Wand              |       |       |     2 |       ||     2
    Use: Potion            |       |     1 |     3 |     5 ||     9
         Scroll            |       |       |     9 |     5 ||    14
 Armour: Scale mail        |    41 |    19 |       |       ||    60
         Chain mail        |       |    30 |    70 |   112 ||   212
         Skin              |       |       |     1 |       ||     1
  Dodge: Dodged            |    45 |    28 |    55 |    92 ||   220
  Block: Buckler           |    19 |    64 |   119 |   185 ||   387
         Reflection        |       |     1 |     1 |     3 ||     5
         Other             |       |       |     1 |       ||     1

Table legend: (Time is in decaauts)
 A = Elapsed time spent in this place.
 B = Non-inter-level travel time spent in this place.
 C = Inter-level travel time spent in this place.
 D = Time resting spent in this place.
 E = Time spent auto-exploring this place.
 F = Levels seen in this place.
 G = Mean time per level.
                   A        B        C        D        E       F      G
               +--------+--------+--------+--------+--------+-----+--------+
         Total |  11068 |  10773 |    295 |   1446 |   7492 |  11 | 1006.2 |
       Dungeon |  11066 |  10771 |    295 |   1446 |   7492 |  10 | 1106.6 |
        Temple |      1 |      1 |      0 |      0 |      0 |   1 |    1.0 |
               +--------+--------+--------+--------+--------+-----+--------+

Top non-repeatable levels by time:
     D:8: 1909 daAuts
     D:7: 1618 daAuts
     D:5: 1607 daAuts
     D:6: 1365 daAuts
     D:2: 1232 daAuts
     D:9: 1075 daAuts
     D:3: 1028 daAuts
     D:4: 676 daAuts
     D:1: 507 daAuts
    D:10: 46 daAuts
  Temple: 1 daAuts
